 Dungeon Crawl Stone Soup version 0.29.0-4-gdea44cf6ec (webtiles) character file.

Game seed: 5224862793971690173

303 qw the Trooper (level 6, 1/1 (56) HPs)
             Began as a Ghoul Summoner on Sept 10, 2022.
             Tarried too long and was consumed by Zot
             ... on level 3 of the Dungeon.
             The game lasted 00:02:28 (20953 turns).

qw the Trooper (Ghoul Summoner)                    Turns: 20953, Time: 00:02:28

HP:   1/1 (56)      AC: 11    Str: 14    XL:     6   Next: 38%
MP:   7/7           EV:  4    Int: 10    God:
Gold: 93            SH:  0    Dex:  9    Spells: 7/8 levels left

rFire   . . .      SeeInvis .   Y - +0 hand axe
rCold   + . .      Faith    .   (no shield)
rNeg    + + +      Spirit   .   i - +0 plate armour
rPois   inf        Reflect  .   (no helmet)
rElec   .          Harm     .   (no cloak)
rCorr   .          Rampage  .   (no gloves)
Will    .....                   f - +0 pair of boots
Stlth   ..........              (no amulet)
HPRegen 0.01/turn               (no ring)
MPRegen 0.10/turn               (no ring)

@: extremely drained, bezotted and risking death
A: claws 1, cold resistance 1, negative energy resistance 3, inhibited
regeneration, torment resistance 2, devour on kill
a: no special abilities


You were on level 3 of the Dungeon.
You visited 1 branch of the dungeon, and saw 3 of its levels.

You collected 93 gold pieces.


Innate Abilities, Weirdness & Mutations

You are immune to poison.
You have sharp fingernails.
Your flesh is cold resistant. (rC+)
You are immune to negative energy. (rN+++)
You do not regenerate when monsters are visible.
You are immune to unholy pain and torment.
You thrive by killing the living.


   Skills:
 - Level 5.0 Fighting
 + Level 3.1 Axes
 - Level 1.0 Armour
 - Level 1.7 Dodging
 - Level 2.1 Stealth
 - Level 1.7 Spellcasting
 - Level 3.6 Summonings


You had 7 spell levels left.
You knew the following spells:

 Your Spells              Type           Power      Damage    Failure   Level
a - Summon Small Mammal   Summ           32%        N/A       100%        1

Your spell library contained the following spells:

 Spells                   Type           Power      Damage    Failure   Level
 Call Imp                 Summ           8%         N/A       100%        2
 Call Canine Familiar     Summ           8%         N/A       100%        3
 Summon Guardian Golem    Hex/Summ       4%         N/A       100%        3
 Summon Lightning Spire   Summ/Air       4%         N/A       100%        4

Inventory:

Hand Weapons
 b - a +0 flail
 Y - a +0 hand axe (weapon)
Armour
 f - a +0 pair of boots (worn)
 i - a +0 plate armour (worn)
Scrolls
 a - a scroll of identify
 e - a scroll of teleportation
Potions
 d - a potion of curing {unknown}
 j - a potion of heal wounds {unknown}
 k - a potion of haste {unknown}

Dungeon Overview and Level Annotations

Branches:
Dungeon (3/15) Zot: 0! You are so drained that the power of Zot will kill you!

Altars:
Cheibriados
Dithmenos
Makhleb
Okawaru
Trog

Annotations:
D:3 1 runed translucent door, qw's ghost, weakling MiBe


Message History

Zot draws nearer.
Dive deeper or flee this branch before you perish!
There is an open door here.
There is a stone staircase leading down here.
You see here a +0 robe.
Qw's ghost turns its malevolent gaze towards you.
You see here 4 potions of flight.
Could not explore, unopened runed door.
You see here the +3 mace of Haoheurch {freeze, rPois}.
You see here a +0 robe.
There is a stone staircase leading down here.
There is an open door here.
There is an iron altar of Okawaru here.
Press < or > to pray at altars.
Press < or > to pray at altars.
Press < or > to pray at altars.
There is an open door here.
There is a stone staircase leading down here.
You see here a +0 robe.
You see here 4 potions of flight.
Could not explore, unopened runed door.
You see here the +3 mace of Haoheurch {freeze, rPois}.
You see here a +0 robe.
There is a stone staircase leading down here.
There is an open door here.
There is an iron altar of Okawaru here.
Press < or > to pray at altars.
Press < or > to pray at altars.
Press < or > to pray at altars.
There is an open door here.
There is a stone staircase leading down here.
You see here a +0 robe.
Zot has nearly found you.
Death is approaching.
Descend or flee this branch!
Qw's ghost turns its malevolent gaze towards you.
You see here 4 potions of flight.
Could not explore, unopened runed door.
You see here the +3 mace of Haoheurch {freeze, rPois}.
You see here a +0 robe.
There is a stone staircase leading down here.
Zot snuffs you out like a light.
You die...

#################### ###
#..................# >.#
#.################.# #.#
#####.# #.# #.#
#...#.############## #.#
#.# #'#.....@..........#
#.# #.#
#####.########.#######.#
#.# #.###.........## #.#
#># #.#
####..#######..###.# #.#
#.# .#_..###_._###.._#.#
#.# #.#
####..##..)##..###.# #.#
#.# ##.........## #.#
#.# #.##
####...#######.# #.#
#... ##_##.......# #.#
####


There were no monsters in sight!

Vanquished Creatures
  Sigmund (D:2)
  Terence (D:2)
  4 gnolls (D:3)
  3 adders
  2 dart slugs
  4 ball pythons
  An endoplasm (D:2)
  A giant cockroach (D:2)
  4 goblins
  4 hobgoblins
  5 kobolds
  A quokka (D:1)
  8 bats
  4 frilled lizards
  4 rats
47 creatures vanquished.

Vanquished Creatures (collateral kills)
  A ball python (D:2)
  3 goblins (D:1)
  A hobgoblin (D:1)
  A kobold (D:1)
  A rat (D:1)
7 creatures vanquished.

Grand Total: 54 creatures vanquished

Notes
Turn   | Place    | Note
-------+----------+-------------------------------------------
     0 | D:1      | qw the Ghoul Summoner began the quest for the Orb.
     0 | D:1      | Reached XP level 1. HP: 14/14 MP: 2/2
     0 | D:1      | 0 ||| qw: Version: 0.1-a-116-g5d60599
     0 | D:1      | 0 ||| qw: Game counter: 7647
     0 | D:1      | 0 ||| qw: Always use a shield: true
     0 | D:1      | 0 ||| qw: God list: Okawaru
     0 | D:1      | 0 ||| qw: Allow faded altars: false
     0 | D:1      | 0 ||| qw: Do Orc after D:15 true
     0 | D:1      | 0 ||| qw: Do second Lair branch before Depths: true
     0 | D:1      | 0 ||| qw: Lair rune preference: random
     0 | D:1      | 0 ||| qw: Plans: Normal
     0 | D:1      | 0 ||| PLANNING D:1-11
    20 | D:1      | 20 ||| Wielding weapon +0 hand axe.
    50 | D:1      | 50 ||| CASTING Summon Small Mammal
    51 | D:1      | 51 ||| CASTING Summon Small Mammal
    84 | D:1      | 84 ||| CASTING Summon Small Mammal
    85 | D:1      | 85 ||| CASTING Summon Small Mammal
   120 | D:1      | 120 ||| CASTING Summon Small Mammal
   121 | D:1      | 121 ||| CASTING Summon Small Mammal
   129 | D:1      | Reached skill level 1 in Axes
   147 | D:1      | 147 ||| CASTING Summon Small Mammal
   148 | D:1      | 148 ||| CASTING Summon Small Mammal
   187 | D:1      | 187 ||| CASTING Summon Small Mammal
   188 | D:1      | 188 ||| CASTING Summon Small Mammal
   220 | D:1      | 220 ||| CASTING Summon Small Mammal
   221 | D:1      | 221 ||| CASTING Summon Small Mammal
   233 | D:1      | Reached skill level 1 in Fighting
   233 | D:1      | Reached XP level 2. HP: 23/23 MP: 1/3
   440 | D:1      | 440 ||| CASTING Summon Small Mammal
   500 | D:1      | 500 ||| CASTING Summon Small Mammal
   501 | D:1      | 501 ||| CASTING Summon Small Mammal
   502 | D:1      | 502 ||| CASTING Summon Small Mammal
   571 | D:1      | 571 ||| CASTING Summon Small Mammal
   572 | D:1      | 572 ||| CASTING Summon Small Mammal
   573 | D:1      | 573 ||| CASTING Summon Small Mammal
   618 | D:1      | 618 ||| CASTING Summon Small Mammal
   619 | D:1      | 619 ||| CASTING Summon Small Mammal
   620 | D:1      | 620 ||| CASTING Summon Small Mammal
   823 | D:1      | 823 ||| CASTING Summon Small Mammal
   824 | D:1      | 824 ||| CASTING Summon Small Mammal
   825 | D:1      | 825 ||| CASTING Summon Small Mammal
   875 | D:1      | 875 ||| CASTING Summon Small Mammal
   877 | D:1      | 877 ||| CASTING Summon Small Mammal
   952 | D:1      | 952 ||| CASTING Summon Small Mammal
   953 | D:1      | 953 ||| CASTING Summon Small Mammal
   954 | D:1      | 954 ||| CASTING Summon Small Mammal
  1115 | D:1      | 1115 ||| CASTING Summon Small Mammal
  1116 | D:1      | 1116 ||| CASTING Summon Small Mammal
  1117 | D:1      | 1117 ||| CASTING Summon Small Mammal
  1153 | D:1      | Found a faded altar of an unknown god.
  1157 | D:1      | 1157 ||| CASTING Summon Small Mammal
  1158 | D:1      | 1158 ||| CASTING Summon Small Mammal
  1159 | D:1      | 1159 ||| CASTING Summon Small Mammal
  1561 | D:1      | 1561 ||| UPGRADING to +0 pair of boots.
  1566 | D:1      | 1566 ||| UPGRADING to +0 leather armour.
  1576 | D:1      | 1576 ||| DROPPING +0 robe.
  1577 | D:1      | 1577 ||| UPGRADING to +0 plate armour.
  1587 | D:1      | 1587 ||| DROPPING +0 leather armour.
  1588 | D:1      | 1588 ||| READING scroll labelled NEARCH TAKLASK.
  1589 | D:1      | 1589 ||| READING scroll labelled NEASTEN TAEN.
  1590 | D:1      | 1590 ||| READING 2 scrolls labelled UFFUPPAURU.
  1591 | D:1      | 1591 ||| DROPPING potion of magic.
  1592 | D:1      | 1592 ||| DROPPING scroll of torment.
  1650 | D:2      | Identified the +9 short sword of the Ass {drain, rPois
                  | Str+3}
  1719 | D:2      | 1719 ||| DROPPING +0 club.
  1734 | D:2      | Reached XP level 3. HP: 28/28 MP: 4/4
  1803 | D:2      | Reached skill level 1 in Armour
  2141 | D:2      | Noticed Sigmund
  2156 | D:2      | Killed Sigmund
  2157 | D:2      | Reached skill level 5 in Fighting
  2157 | D:2      | Reached XP level 4. HP: 18/42 MP: 5/5
  2157 | D:2      | Reached XP level 5. HP: 21/48 MP: 6/6
  2325 | D:2      | Noticed Terence
  2328 | D:2      | 2328 ||| Stepping ~*~*~tactically~*~*~ (stealth).
  2354 | D:2      | Killed Terence
  2355 | D:2      | Reached XP level 6. HP: 20/56 MP: 7/7
  2700 | D:2      | 2700 ||| Stepping ~*~*~tactically~*~*~ (stealth).
  2701 | D:2      | 2701 ||| Stepping ~*~*~tactically~*~*~ (stealth).
  2950 | D:2      | 2950 ||| DROPPING orb of mayhem.
  2951 | D:2      | 2951 ||| READING scroll labelled FOUSEA XAIWI.
  2952 | D:2      | 2952 ||| READING scroll labelled CEIMAI NIOKK.
  2974 | D:3      | 2974 ||| Stepping ~*~*~tactically~*~*~ (stealth).
  2977 | D:3      | 2977 ||| Stepping ~*~*~tactically~*~*~ (stealth).
  2982 | D:3      | 2982 ||| Stepping ~*~*~tactically~*~*~ (stealth).
  2984 | D:3      | 2984 ||| Stepping ~*~*~tactically~*~*~ (stealth).
  2988 | D:3      | 2988 ||| Stepping ~*~*~tactically~*~*~ (stealth).
  3074 | D:3      | Identified the +3 mace of Haoheurch {freeze, rPois}
  3075 | D:3      | 3075 ||| Stepping ~*~*~tactically~*~*~ (stealth).
  3078 | D:3      | 3078 ||| DROPPING +3 mace of Haoheurch {freeze, rPois}.
  3099 | D:3      | 3099 ||| FLEEEEING.
  3100 | D:3      | 3100 ||| FLEEEEING.
  3101 | D:3      | 3101 ||| FLEEEEING.
  3102 | D:3      | 3102 ||| FLEEEEING.
  3103 | D:3      | 3103 ||| STAIRDANCE
  3252 | D:2      | 3252 ||| READING scroll labelled MEOHOO EMIETE.
  3265 | D:2      | Reached skill level 3 in Axes
  3319 | D:3      | 3319 ||| STAIRDANCE
  3629 | D:3      | 3629 ||| Stepping ~*~*~tactically~*~*~ (stealth).
  3631 | D:3      | 3631 ||| Stepping ~*~*~tactically~*~*~ (stealth).
  3659 | D:3      | Found a shadowy altar of Dithmenos.
  3659 | D:3      | Found an iron altar of Okawaru.
  3667 | D:3      | Found a bloodstained altar of Trog.
  3669 | D:3      | Found a burning altar of Makhleb.
  3671 | D:3      | Found a snail-covered altar of Cheibriados.
  3836 | D:3      | 3836 ||| Stepping ~*~*~tactically~*~*~ (stealth).
  3857 | D:3      | Found a runed translucent door.
  4256 | D:3      | Noticed qw's ghost (weakling MiBe)
  4258 | D:3      | 4258 ||| DRINKING 5 coppery potions.
  4259 | D:3      | 4259 ||| DROPPING 4 potions of flight.
 16953 | D:3      | Glimpsed the power of Zot.
 17453 | D:3      | Glimpsed the power of Zot.
 17853 | D:3      | Glimpsed the power of Zot.
 17953 | D:3      | Touched by the power of Zot.
 17954 | D:3      | Glimpsed the power of Zot.
 18454 | D:3      | Glimpsed the power of Zot.
 18854 | D:3      | Glimpsed the power of Zot.
 18953 | D:3      | Touched by the power of Zot.
 18954 | D:3      | Glimpsed the power of Zot.
 19454 | D:3      | Glimpsed the power of Zot.
 19854 | D:3      | Glimpsed the power of Zot.
 19953 | D:3      | Touched by the power of Zot.
 19954 | D:3      | Glimpsed the power of Zot.
 20454 | D:3      | Glimpsed the power of Zot.
 20854 | D:3      | Glimpsed the power of Zot.
 20953 | D:3      | Tarried too long and was consumed by Zot

Levels and vault maps discovered:
D:1:      minmay_arrival_four_circles, layout_basic,
          hellmonk_ecumenical_altar_lost_god, chequers_serial_rivers_micro_b
D:2:      layout_basic, uniq_sigmund, uniq_terence
D:3:      layout_loops_ring, chequers_temple_overflow_minitemple,
          ebering_ghost_reflecting_pool

Skill      XL: |  1  2  3  4  5  6 |
---------------+-------------------+-----
Axes           | 1 2 3 |  3.1
Fighting       | 1 5 |  5.0
Armour         | 1 |  1.0
Dodging        | |  1.7
Stealth        | |  2.1
Spellcasting   | |  1.7
Summonings     | |  3.6

Action                   |  1- 3 |  4- 6 || total
-------------------------+-------+-------++-------
Melee: Hand axe          |   107 |   129 ||   236
       Punch             |     1 |       ||     1
 Cast: Summon Small Mamm |    32 |       ||    32
  Use: Scroll            |     3 |     3 ||     6
       Potion            |       |     1 ||     1
Armor: Plate armour      |    82 |    81 ||   163
       Robe              |     2 |       ||     2
Dodge: Dodged            |    23 |    31 ||    54

Table legend:
 A = Non-vault XP
 B = Vault XP
 C = Vault XP percentage of total XP
 D = Non-vault monster count
 E = Vault monster count
 F = Vault count percentage of total count
                 A         B        C        D         E       F
            +---------+---------+-------+---------+---------+-------
      Total |     170 |     263 |  60.7 |      52 |       2 |   3.7
            +---------+---------+-------+---------+---------+-------
        D:1 |      27 |       0 |   0.0 |      15 |       0 |   0.0
        D:2 |      65 |     263 |  80.2 |      26 |       2 |   7.1
        D:3 |      78 |       0 |   0.0 |      11 |       0 |   0.0
            +---------+---------+-------+---------+---------+-------
